 Dungeon Crawl Stone Soup version 0.27.0-1-g7a089689b8 (webtiles) character file.

Game seed: 13080985954963623922

30249 mandarbmax the Impaler (level 13, -3/106 HPs)
             Began as a Merfolk Gladiator on Aug 1, 2021.
             Was an Elder of Yredelemnul.
             Slain by Rupert (15 damage)
             ... on level 13 of the Dungeon.
             The game lasted 00:33:42 (17811 turns).

mandarbmax the Impaler (Merfolk Gladiator)         Turns: 17811, Time: 00:33:44

Health: -3/106     AC: 16    Str: 22    XL:     13   Next: 50%
Magic:  0/21       EV: 25    Int:  7    God:    Yredelemnul [****..]
Gold:   915        SH:  0    Dex: 19    Spells: 12/12 levels left

rFire    . . .     SeeInvis .   J - +0 halberd
rCold    . . .     Faith    .   (shield currently unavailable)
rNeg     . . .     Spirit   +   M - +0 steam dragon scales
rPois    .         Reflect  .   C - +2 hat
rElec    .         Harm     .   o - +2 cloak
rCorr    .         Rampage  .   F - +2 pair of gloves
Will     .....                  i - +2 pair of boots
Stlth    ++........             n - amulet of guardian spirit
HPRegen  0.27/turn              K - +6 ring of strength
MPRegen  0.17/turn              V - +4 ring of evasion

@: lethally poisoned (-3 -> -29), hasted, very quick
A: (nimble swimmer 2), mertail
a: Renounce Religion, Recall Undead Slaves, Injury Mirror, Animate Dead, Drain
Life


You were on level 13 of the Dungeon.
You worshipped Yredelemnul.
Yredelemnul was greatly pleased with you.
You visited 2 branches of the dungeon, and saw 14 of its levels.
You also visited: Sewer.

You collected 980 gold pieces.
You spent 65 gold pieces at shops.

Inventory:

Hand Weapons
 J - a +0 halberd (weapon)
 R - a +3 trident
Missiles
 d - 3 throwing nets
 k - 6 silver boomerangs
 z - 7 boomerangs (quivered)
 E - 5 datura-tipped darts
 S - 5 boomerangs of dispersal
 U - 9 javelins
Armour
 c - a +0 helmet
 i - a +2 pair of boots (worn)
 j - a +0 scale mail of cold resistance
 l - a +0 leather armour of poison resistance
 o - a +2 cloak (worn)
 A - a +3 leather armour
 C - a +2 hat (worn)
 F - a +2 pair of gloves (worn)
 M - +0 steam dragon scales (worn)
 X - a scarf of invisibility
Jewellery
 n - an amulet of guardian spirit (around neck)
 s - a ring of flight
 B - a +6 ring of strength
 G - a ring of willpower
 K - a +6 ring of strength (left hand)
 V - a +4 ring of evasion (right hand)
Wands
 u - a wand of iceblast (3)
 D - a wand of charming (23)
 I - a wand of digging (5)
 L - a wand of flame (42)
 Y - a wand of paralysis (8)
Scrolls
 e - 3 scrolls of enchant weapon
 g - a scroll of identify
 h - a scroll of amnesia
 m - a scroll of acquirement {unknown}
 t - 2 scrolls of magic mapping
 x - 4 scrolls of teleportation
 y - a scroll of fog
 H - 3 scrolls of fear
 N - a scroll of summoning
 W - a scroll of silence {unknown}
Potions
 a - 5 potions of flight
 f - a potion of heal wounds
 p - 3 potions of magic
 q - a potion of haste
 r - a potion of invisibility
 v - a potion of attraction
 w - a potion of lignification
 O - 3 potions of cancellation
 P - 2 potions of brilliance
 T - 3 potions of might
Miscellaneous
 b - a phantom mirror (inert)


   Skills:
 + Level 11.4 Fighting
 - Level 18.7 Polearms
 - Level 2.0 Throwing
 + Level 13.6 Dodging
 + Level 11.2 Invocations


You had 12 spell levels left.
You didn't know any spells.
Your spell library contained the following spells:

 Spells                   Type           Power      Damage    Failure   Level
 Sting                    Tmut/Pois      0%         1d3       43%         1
 Passwall                 Tmut/Erth      0%         N/A       56%         2
 Poisonous Vapours        Pois/Air       0%         N/A       56%         2
 Slow                     Hex            0%         N/A       56%         2
 Confusing Touch          Hex            0%         N/A       80%         3
 Ignite Poison            Fire/Tmut/Pois 0%         N/A       80%         3
 Mephitic Cloud           Conj/Pois/Air  0%         N/A       80%         3
 Swiftness                Air            0%         N/A       80%         3
 Vampiric Draining        Necr           0%         2d6       80%         3
 Olgreb's Toxic Radiance  Pois           0%         N/A       99%         4
 Bolt of Magma            Conj/Fire/Erth 0%         4d4       100%        5
 Invisibility             Hex            0%         N/A       100%        6


Dungeon Overview and Level Annotations

Branches:
Dungeon (13/15) Temple (1/1) D:5 Lair (0/6) D:11 Orc (0/2) D:9 Vaults (0/5) D:12 D:13 Sewer (visited)

Altars:
Ashenzari
Cheibriados
Dithmenos
Elyvilon
Fedhas
Gozag
Hepliaklqana
Kikubaaqudgha
Makhleb
Nemelex Xobeh
Okawaru
Qazlal
Ru
Sif Muna
Trog
Uskayaw
Vehumet
Wu Jian
Xom
Yredelemnul
Zin
The Shining One

Shops:
D:2 !

Annotations:
D:3 1 runed translucent door, Charcat's ghost, amateur DsAK
D:13 Rupert


Innate Abilities, Weirdness & Mutations

((You are quick and stealthy near water. (Stealth+, EV+, Speed+++)))
Your lower body shifts to a powerful aquatic tail in water.


Message History

Rupert is severely wounded.
You feel life flooding into your body.
You feel extremely sick.
Your boulder beetle zombie bites Rupert!
Rupert hits you with a +4 battleaxe of venom.
You are more poisoned.
Rupert hits your boulder beetle zombie with a +4 battleaxe of venom!
Your boulder beetle zombie is destroyed!
Rupert hits your boulder beetle zombie with a +4 battleaxe of venom!
Your boulder beetle zombie is destroyed!
Unknown command.
Unknown command.
Unknown command.
You swap places.
* * * LOW HITPOINT WARNING * * *
You feel extremely sick.
Rupert hits your mummy with a +4 battleaxe of venom!!
Your mummy is destroyed!
Unknown command.
You feel much better.
You feel extremely sick.
Rupert hits you with a +4 battleaxe of venom!!
* * * LOW HITPOINT WARNING * * *
Unknown command.
Okay, then.
Okay, then.
Okay, then.
You feel much better.
* * * LOW HITPOINT WARNING * * *
You feel extremely sick. Rupert closely misses you.
Unknown command.
Okay, then.
You feel yourself speed up.
* * * LOW HITPOINT WARNING * * *
You feel extremely sick. Rupert barely misses you.
Rupert hits you with a +4 battleaxe of venom!
You die...
Your body rises from the dead as a mindless zombie.

###############
#..............
#.............
#..........$.#
#............#
#............#
#.....<∩.....#
#.....><...@.## ##
#..........@..#..# .....
#..........(..'..#
####.....
#............##..#
...#.....
#............##### ..#....
#.####.......#...####'#...
#............#...#......#
##
#####..##..##..'......#...
##..##'###..#......#...
#..Z..M.###'#......'...


You could see Rupert (berserk, corroded).

Vanquished Creatures
  5 boulder beetles
  6 hydras
  A centaur warrior (D:13)
  A two-headed ogre (D:9)
  Urug (D:13)
  A wolf spider zombie (D:7)
  3 ugly things
  2 cyclopes (D:12)
  Joseph (D:7)
  A manticore (D:12)
  Maurice (D:8)
  A centaur skeleton (D:7)
  Psyche (D:9)
  A gargoyle (D:12)
  A komodo dragon (D:11)
  3 kobold demonologists
  2 hellwings (D:7)
  3 meliai (D:10)
  2 trolls (D:12)
  A jumping spider (D:11)
  A hornet (D:7)
  A meliai zombie (D:11)
  11 yaks
  2 shadows
  2 wyverns
  2 redbacks (D:11)
  Sigmund (D:5)
  2 wraiths
  13 humans (D:13)
  Grum (D:8)
  A basilisk (D:13)
  2 steam dragons (D:7)
  3 vampire mosquitoes
  A water moccasin (D:6)
  Duvessa (D:5)
  3 orc warriors
  2 sky beasts
  2 ice beasts
  2 black bears (D:5)
  3 necrophages
  2 ogres
  3 wolves (D:8)
  15 centaurs
  A gnoll sergeant (D:6)
  2 bullfrogs (D:6)
  A wyvern zombie (D:9)
  6 scorpions
  A wyvern skeleton (D:7)
  Dowan (D:5)
  6 wights
  A bullfrog zombie (D:5)
  7 centaur zombies
  3 hounds
  5 orc priests
  A gnoll shaman (D:7)
  3 jellies
  An iguana (D:4)
  6 orc wizards
  The ghost of DocClef the Covert, a weakling GnDe (D:5)
  A hound skeleton (D:4)
  6 gnolls
  7 adders
  6 river rats (Sewer)
  5 shadow imps (D:7)
  A white imp (D:7)
  An adder skeleton (D:4)
  4 worms
  3 dart slugs
  34 orcs
  3 bats
  6 endoplasms
  4 giant cockroaches
  8 hobgoblins
  4 jackals
  22 kobolds
  A quokka (D:2)
  3 ball pythons (Sewer)
  A frilled lizard (Sewer)
  A gnoll zombie (D:7)
  9 goblins
  25 rats
315 creatures vanquished.

Vanquished Creatures (collateral kills)
  3 boulder beetles
  A lindwurm (D:11)
  A centaur zombie (D:7)
  2 centaur skeletons (D:7)
  2 trolls
  2 shadows
  3 humans (D:13)
  A vampire mosquito (D:12)
  An acid dragon (D:10)
  A howler monkey (D:10)
  A lava snake (D:11)
  A jelly (D:7)
  An orc wizard (D:12)
  3 orcs
  A kobold (D:12)
24 creatures vanquished.

Vanquished Creatures (others)
  8 flying skulls
  5 boulder beetle zombies
  2 redback zombies (D:11)
  A mummy (D:13)
  3 hydra zombies
  7 human zombies (D:13)
  A troll zombie (D:13)
  A yak zombie (D:10)
  A basilisk zombie (D:13)
  A centaur skeleton (D:12)
  6 centaur zombies
  A gnoll zombie (D:7)
  3 orc skeletons (D:7)
  4 orc zombies
  8 plants (D:11)
  4 toadstools (D:1)
  6 withered plants (D:7)
62 creatures vanquished.

Grand Total: 401 creatures vanquished

Notes
Turn   | Place    | Note
-------+----------+-------------------------------------------
     0 | D:1      | mandarbmax the Merfolk Gladiator began the quest for the
                  | Orb.
     0 | D:1      | Reached XP level 1. HP: 16/16 MP: 1/1
   250 | D:1      | Reached skill level 5 in Polearms
   253 | D:1      | Reached XP level 2. HP: 9/22 MP: 2/2
  1269 | D:2      | Reached skill level 6 in Polearms
  1269 | D:2      | Reached XP level 3. HP: 19/27 MP: 3/3
  1392 | D:2      | Found a faded altar of an unknown god.
  1562 | D:2      | Found Laakeixa's Distillery.
  1570 | D:2      | Bought a potion of heal wounds for 65 gold pieces
  2588 | D:3      | Reached XP level 4. HP: 33/33 MP: 4/4
  2659 | D:3      | Reached skill level 7 in Polearms
  2750 | D:3      | Found a glowing drain.
  2770 | Sewer    | Entered a sewer
  3088 | Sewer    | Reached skill level 8 in Polearms
  3088 | Sewer    | Reached XP level 5. HP: 26/38 MP: 2/5
  3659 | Sewer    | Reached skill level 9 in Polearms
  3955 | D:3      | Found a runed translucent door.
  3955 | D:3      | Noticed Charcat's ghost (amateur DsAK)
  4138 | D:4      | Reached XP level 6. HP: 36/44 MP: 4/6
  4151 | D:4      | Reached skill level 10 in Polearms
  4510 | D:4      | Reached XP level 7. HP: 47/50 MP: 5/7
  4608 | D:4      | Reached skill level 11 in Polearms
  5052 | D:5      | Entered Level 5 of the Dungeon
  5065 | D:5      | Noticed Sigmund
  5111 | D:5      | Killed Sigmund
  5112 | D:5      | Reached skill level 12 in Polearms
  5206 | D:5      | Noticed Duvessa
  5207 | D:5      | Noticed Dowan
  5212 | D:5      | Killed Dowan
  5223 | D:5      | Killed Duvessa
  5224 | D:5      | Reached skill level 13 in Polearms
  5224 | D:5      | Reached XP level 8. HP: 26/56 MP: 0/8
  5403 | D:5      | Found a staircase to the Ecumenical Temple.
  5461 | Temple   | Entered the Ecumenical Temple
  5602 | Temple   | Became a worshipper of Yredelemnul the Dark
  5826 | D:5      | Noticed a yak
  5828 | D:5      | Noticed a yak
  5828 | D:5      | Noticed a yak
  5846 | D:5      | Killed a yak
  5847 | D:5      | Reached skill level 14 in Polearms
  5856 | D:5      | Killed a yak
  5863 | D:5      | Killed a yak
  5864 | D:5      | Reached skill level 15 in Polearms
  5868 | D:5      | Reached XP level 9. HP: 33/61 MP: 1/9
  6031 | D:5      | Found a runed translucent door.
  6031 | D:5      | Noticed DocClef's ghost (weakling GnDe)
  6358 | D:5      | Killed DocClef's ghost
  6503 | D:6      | Reached skill level 16 in Polearms
  6739 | D:6      | You fall into a shaft and drop 2 floors!
  6924 | D:8      | Noticed Grum
  6954 | D:8      | Killed Grum
  6960 | D:8      | Reached skill level 17 in Polearms
  7516 | D:8      | Reached * piety under Yredelemnul
  7710 | D:8      | Noticed Maurice
  7768 | D:8      | Killed Maurice
  7769 | D:8      | Reached skill level 18 in Polearms
  8062 | D:8      | Found a shadowy altar of Dithmenos.
  8216 | D:7      | Noticed a hornet
  8239 | D:7      | Killed a hornet
  8240 | D:7      | Reached XP level 10. HP: 16/67 MP: 1/10
  8787 | D:7      | Reached skill level 1 in Invocations
  8833 | D:7      | Reached skill level 5 in Dodging
  8920 | D:7      | Reached ** piety under Yredelemnul
  9007 | D:7      | Reached skill level 5 in Fighting
  9418 | D:7      | Reached skill level 5 in Invocations
  9418 | D:7      | Reached XP level 11. HP: 68/80 MP: 12/14
 10869 | D:7      | Noticed Joseph
 10888 | D:7      | Killed Joseph
 11299 | D:9      | Found a staircase to the Orcish Mines.
 11402 | D:9      | Noticed Psyche
 11411 | D:9      | Killed Psyche
 11995 | D:9      | Noticed a two-headed ogre
 12005 | D:9      | Killed a two-headed ogre
 12243 | D:10     | Entered Level 10 of the Dungeon
 12260 | D:10     | Reached *** piety under Yredelemnul
 12322 | D:10     | Noticed a boulder beetle
 12340 | D:10     | Killed a boulder beetle
 12650 | D:10     | Reached skill level 10 in Dodging
 13589 | D:11     | Noticed a six-headed hydra
 13731 | D:11     | Reached XP level 12. HP: 85/93 MP: 13/17
 13825 | D:11     | Killed a six-headed hydra
 13968 | D:11     | Received a gift from Yredelemnul (4 flying skulls)
 14081 | D:11     | Found a runed translucent door.
 14253 | D:11     | Noticed a boulder beetle
 14279 | D:11     | Killed a boulder beetle
 14527 | D:11     | Found a staircase to the Lair.
 14747 | D:11     | Found a runed translucent gate.
 14747 | D:11     | Found a runed translucent gate.
 14747 | D:11     | Found a runed translucent gate.
 14747 | D:11     | Found a runed translucent gate.
 14747 | D:11     | Found a runed translucent gate.
 14747 | D:11     | Found a runed translucent gate.
 14747 | D:11     | Noticed a boulder beetle
 14808 | D:11     | Killed a boulder beetle
 15188 | D:12     | Noticed a six-headed hydra
 15205 | D:12     | Killed a six-headed hydra
 15364 | D:12     | Noticed a boulder beetle
 15659 | D:11     | Killed a boulder beetle
 16150 | D:12     | Reached skill level 10 in Fighting
 16243 | D:12     | Noticed a boulder beetle
 16261 | D:12     | Killed a boulder beetle
 16262 | D:12     | Reached skill level 10 in Invocations
 16408 | D:12     | Reached **** piety under Yredelemnul
 16412 | D:12     | Received a gift from Yredelemnul (4 flying skulls)
 16791 | D:13     | Found a gate to the Vaults.
 16791 | D:13     | Noticed Urug
 16791 | D:13     | Noticed a centaur warrior
 16791 | D:13     | Noticed Rupert
 16791 | D:13     | Noticed a four-headed hydra
 16810 | D:13     | Noticed a boulder beetle
 16824 | D:13     | Killed a boulder beetle
 16825 | D:13     | Reached XP level 13. HP: 57/104 MP: 11/20
 17474 | D:13     | Killed Urug
 17508 | D:13     | Your ally Urug died
 17673 | D:13     | Received a gift from Yredelemnul (a mummy)
 17809 | D:13     | HP: 4/106 [Rupert (31)]
 17811 | D:13     | Slain by Rupert

Illustrated notes

Levels and vault maps discovered:
D:1:      ldierk_walled_garden_2, layout_loops_corners, minmay_misc_feat_iff
D:2:      layout_loops_corners, serial_shops, nicolae_shop_stone,
          shapermc_ecumenical_altar_venn, grunt_decor_one_mirror
D:3:      layout_basic, cheibrodos_sewer_entry_bend,
          hellmonk_ghost_happy_afterlife, minmay_misc_feat_rugged,
          grunt_decor_mini_mirrors, hangedman_decor_growths
D:4:      minmay_diamond_boxcup, layout_basic
D:5:      layout_rooms, minmay_temple_entry_stoned_glass,
          ebering_ghost_inner_flame, uniq_duvessa, uniq_sigmund
D:6:      layout_cave_pods, serial_column_ruins, column_ruins_open_small,
          column_ruins_corridor_dead_end, column_ruins_grid_1,
          column_ruins_open_small, column_ruins_grid_3, column_ruins_grid_1
D:7:      cheibrodos_grave_circle, layout_basic, uniq_joseph
D:8:      layout_basic, mainiacjoe_overflow_alcove_4, uniq_grum, uniq_maurice
D:9:      layout_irregular_city, orc_0_dummy, uniq_psyche
D:10:     layout_loops_ring
D:11:     gammafunk_indiana_jones, layout_gridville, david_lair_shrubbed
D:12:     layout_cave_pools
D:13:     layout_gridville, david_vaults_3
Temple:   compressed_dpeg_triangle_lava_temple

Skill      XL: |  1  2  3  4  5  6  7  8  9 10 11 12 13 |
---------------+----------------------------------------+-----
Polearms       | 5 6 8 9 10 13 15 18 | 18.7
Invocations    | 5 7 10 11 | 11.2
Fighting       | 5 8 10 11 | 11.4
Dodging        | 7 10 12 13 | 13.6
Throwing       | |  2.0

Action                   |  1- 3 |  4- 6 |  7- 9 | 10-12 | 13-15 || total
-------------------------+-------+-------+-------+-------+-------++-------
Melee: Trident           |   117 |   226 |   344 |   255 |    43 ||   985
       Tailslap          |       |     7 |       |       |       ||     7
       Halberd           |       |       |       |   549 |   122 ||   671
Throw: Boomerang         |       |       |     8 |    56 |     6 ||    70
       Dart              |       |       |       |     7 |       ||     7
       Javelin           |       |       |       |     2 |       ||     2
Invok: Animate Remains   |       |       |       |     8 |       ||     8
       Animate Dead      |       |       |       |    18 |    10 ||    28
       Drain Life        |       |       |       |       |     2 ||     2
Evoke: Wand              |       |       |       |     4 |     5 ||     9
       Phantom mirror    |       |       |       |       |     1 ||     1
  Use: Scroll            |       |     2 |     5 |    17 |       ||    24
       Potion            |       |       |    10 |     5 |     3 ||    18
 Stab: Sleeping          |     2 |     1 |     2 |     2 |     1 ||     8
       Invisible         |       |       |       |     2 |       ||     2
       Distracted        |       |       |       |    11 |     3 ||    14
Armor: Leather armour    |    26 |    73 |    62 |   224 |       ||   385
       Skin              |       |       |    26 |     8 |       ||    34
       Steam dragon scal |       |       |       |   106 |    28 ||   134
Dodge: Dodged            |    78 |   164 |   103 |   610 |   114 ||  1069
